 Dungeon Crawl Stone Soup version 0.25.0-9-g26727b657a (webtiles) character file.

Game seed: 4825595254904926832

91 Esekla the Grave Robber (level 4, 0/21 HPs)
             Began as a Spriggan Necromancer on June 16, 2020.
             Slain by a crimson imp (3 damage)
             ... on level 5 of the Dungeon.
             The game lasted 00:09:45 (1103 turns).

Esekla the Grave Robber (Spriggan Necromancer)      Turns: 1103, Time: 00:09:45

Health: 0/21       AC:  2    Str:  4    XL:     4   Next: 33%
Magic:  10/10      EV: 19    Int: 17    God:
Gold:   68         SH:  0    Dex: 16    Spells: 6/10 levels left

rFire    . . .     SeeInvis +   i - +0 long sword
rCold    . . .     Gourm    .   (shield restricted)
rNeg     . . .     Faith    .   a - +0 robe
rPois    .         Spirit   .   (helmet restricted)
rElec    .         Reflect  .   (no cloak)
rCorr    .         Harm     .   (gloves unavailable)
MR       .....     Rnd*Tele +   (boots unavailable)
Stlth    +++.......             h - amulet of inaccuracy (curse)
HPRegen  0.07/turn              g - ring of teleportation (curse)
MPRegen  0.12/turn              (no ring)

@: very quick
A: very small, unfitting armour, see invisible, herbivore, speed 3, slow
metabolism 2
a: no special abilities


You were on level 5 of the Dungeon.
You were not hungry.

You visited 1 branch of the dungeon, and saw 6 of its levels.

You collected 68 gold pieces.

Inventory:

Hand Weapons
 e - a +2 vampiric dagger
 i - a +0 long sword (weapon)
Missiles
 j - 19 poisoned darts (quivered)
Armour
 a - a +0 robe (worn)
Jewellery
 g - a cursed ring of teleportation (left hand)
 h - a cursed amulet of inaccuracy (around neck)
Scrolls
 b - 2 scrolls of teleportation
 f - 2 scrolls of identify
Potions
 d - a potion of might
Comestibles
 c - 2 rations


   Skills:
 * Level 1.3 Short Blades
 * Level 3.9 Dodging
 + Level 3.7 Stealth
 * Level 3.6 Spellcasting
 + Level 4.2 Necromancy


You had 6 spell levels left.
You knew the following spells:

 Your Spells              Type           Power        Failure   Level  Hunger
a - Pain                  Necr           ###.         3%          1    None
d - Vampiric Draining     Necr           ###.......   9%          3    ###....

Your spell library contained the following spells:

 Spells                   Type           Power        Failure   Level  Hunger
 Animate Skeleton         Necr           N/A          3%          1    None
 Animate Dead             Necr           N/A          28%         4    ####...
 Agony                    Necr           ###.....     63%         5    ######.


Dungeon Overview and Level Annotations

Branches:
Dungeon (6/15)
 Temple: D:4-7

Altars:
Makhleb

Annotations:
D:6 Pikel


Innate Abilities, Weirdness & Mutations

You are very small and have problems with some larger weapons.
You are too small for most types of armour.
You have supernaturally acute eyesight. (SInv)
You are a herbivore.
You cover ground extremely quickly.
You need to consume almost no food.


Message History

You miss the crimson imp. The crimson imp barely misses you.
You completely miss the crimson imp. The crimson imp closely misses you.
The crimson imp misses you.
You closely miss the crimson imp. The crimson imp hits you.
The crimson imp lashes its tail.
There is an open door here.
You completely miss the crimson imp. The crimson imp closely misses you.
You riposte.
You barely miss the crimson imp. You miss the crimson imp.
The crimson imp completely misses you.
You miss the crimson imp. The crimson imp completely misses you.
The crimson imp hits you.
* * * LOW HITPOINT WARNING * * *
You barely miss the crimson imp. The crimson imp closely misses you.
You riposte.
You miss the crimson imp. You miss the crimson imp. The crimson imp hits you.
* * * LOW HITPOINT WARNING * * *
The crimson imp summons a swarm of flies.
The crimson imp barely misses you.
You miss the crimson imp. The crimson imp hits you.
You die...

......./.......#....#
##.#.#####..........#
#)# #..........# #(#
#..........# #.#
#..........# #.#
##+####....#
#.######...[.....# ##
#...........#5####
...#...........#@#####
.(..............>....#
..###................#
..# #................#
..# #................#
..# #................#
..# ###########......#
..# #......# ..#
#####......#


You could see a crimson imp.

Vanquished Creatures
  A bullfrog (D:5)
  A worm (D:2)
  A leopard gecko (D:5)
  2 orcs (D:5)
  2 bats
  A goblin (D:1)
  2 hobgoblins (D:1)
  A kobold (D:1)
  2 ball pythons (D:3)
  5 rats
18 creatures vanquished.

Notes
Turn   | Place    | Note
-------+----------+-------------------------------------------
     0 | D:1      | Esekla the Spriggan Necromancer began the quest for the
                  | Orb.
     0 | D:1      | Reached XP level 1. HP: 9/9 MP: 5/5
    46 | D:2      | Noticed a necrophage
   417 | D:1      | Reached XP level 2. HP: 6/13 MP: 0/6
   633 | D:2      | Found a burning altar of Makhleb.
   863 | D:4      | You fall into a shaft and drop 2 floors!
   863 | D:6      | Noticed Pikel
   863 | D:6      | Noticed a slave
   863 | D:6      | Noticed a slave
   863 | D:6      | Noticed a slave
   863 | D:6      | Noticed a slave
   863 | D:6      | Noticed an orc warrior
   877 | D:5      | Entered Level 5 of the Dungeon
   893 | D:5      | Noticed a crimson imp
   905 | D:5      | Noticed a bullfrog
   915 | D:5      | Killed a bullfrog
   915 | D:5      | Reached skill level 1 in Short Blades
   915 | D:5      | Reached skill level 4 in Necromancy
   915 | D:5      | Reached XP level 3. HP: 13/16 MP: 5/9
   915 | D:5      | Reached XP level 4. HP: 17/21 MP: 5/10
   931 | D:5      | Learned a level 3 spell: Vampiric Draining
   938 | D:5      | Noticed a phantom
  1103 | D:5      | Slain by a crimson imp

Illustrated notes

Levels and vault maps discovered:
D:1:      dpeg_arrival_short_road, layout_basic, glass_columns_b
D:2:      minmay_skewed_foursquare, layout_basic, bloody_makhleb
D:3:      layout_loops_corners, nicolae_overflow_hidden_temple,
          chequers_ecumenical_altar_twisty
D:4:      layout_rooms, hex_large, chequers_serial_rivers_room_a,
          minmay_misc_feat_columns
D:5:      layout_basic, minmay_temple_entry_proselytizer, first_ration,
          minmay_manual_moon
D:6:      layout_loops_ring, basic_altar, minmay_between, uniq_menkaure,
          uniq_pikel, uniq_grinder

Skill      XL: |  1  2 |
---------------+-------+-----
Short Blades   | 1 |  1.3
Spellcasting   | 3 |  3.6
Necromancy     | 4 |  4.2
Dodging        | |  3.9
Stealth        | |  3.7

Action                   |  1- 3 |  4- 6 || total
-------------------------+-------+-------++-------
Melee: Dagger            |    21 |     7 ||    28
       Long sword        |       |    17 ||    17
Throw: Dart              |       |     3 ||     3
 Cast: Pain              |    18 |     1 ||    19
       Vampiric Draining |       |     3 ||     3
  Use: Scroll            |     2 |       ||     2
 Stab: Sleeping          |     5 |       ||     5
Armor: Robe              |     5 |       ||     5
Dodge: Dodged            |    23 |    21 ||    44
       Rpst.: Long sword |     1 |     3 ||     4
